Map: Invader LE

Players

uThermal - Winner!

  • Race: Terran Terran

iAsonu

  • Race: Zerg Zerg

Event: DreamHack Open Tours WCS Spring Championship

VOD

https://www.youtube.com/watch?v=ZmG3rabdS5A

Description

Time

  • Played on: May 14, 2016, 6:08 a.m.
  • Length: 13:22

All games in this series

Show
View Real Time Build Order
Export as new Build Order

uThermal Terran - Winner!

Build Orders: Reaper Expand, Bio Tank 

Get SALT Encoding   

  12  0:01  SCV  
  13  0:13  SCV  
  14  0:17  Supply Depot  
  14  0:25  SCV  
  15  0:39  Barracks, SCV  
  16  0:46  Refinery  
  16  0:51  SCV  
  17  1:03  SCV  
  18  1:15  SCV  
  19  1:27  Orbital Command  
  19  1:29  Reaper  
  20  1:41  Command Center  
  20  1:49  Supply Depot  
  20  1:54  SCV  
  21  2:03  Barracks Reactor  
  21  2:06  SCV  
  22  2:10  Barracks  
  22  2:18  SCV  
  23  2:24  Factory  
  23  2:30  SCV  
  24  2:40  Marine x2  
  24  2:42  Refinery  
  24  2:43  SCV  
  27  2:52  Orbital Command  
  27  2:55  SCV  
  27  2:58  Marine x2, Barracks Tech Lab  
  30  3:07  SCV  
  30  3:09  Widow Mine  
  30  3:12  Bunker  
  33  3:19  Stimpack, SCV  
  34  3:21  Marine  
  34  3:23  Marine  
  34  3:25  Marine  
  37  3:29  SCV  
  38  3:37  Supply Depot  
  38  3:38  SCV  
  38  3:41  SCV  
  40  3:45  Factory Reactor  
  40  3:47  Marine  
  40  3:48  Starport  
  41  3:49  Marine  
  41  3:50  Marine  
  41  3:53  SCV  
  44  3:56  SCV  
  45  4:03  Supply Depot  
  45  4:05  Supply Depot  
  45  4:07  SCV  
  45  4:08  Marine, SCV  
  45  4:09  Marine  
  48  4:19  SCV  
  48  4:20  Supply Depot, Marine, SCV  
  51  4:25  Marine  
  51  4:27  Marine  
  51  4:30  Medivac  
  51  4:31  SCV  
  56  4:32  Medivac  
  56  4:38  Marine  
  58  4:39  SCV  
  58  4:43  Marine  
  58  4:45  Supply Depot, Marine, SCV  
  63  4:48  Factory Tech Lab  
  63  4:52  Barracks  
  63  4:55  SCV  
  63  4:56  Barracks  
  64  5:02  SCV  
  64  5:04  Barracks  
  65  5:08  Marine  
  65  5:11  Refinery, Marine, SCV  
  65  5:12  Refinery  
  66  5:19  Engineering Bay, Combat Shields  
  66  5:26  Marine  
  66  5:27  SCV  
  68  5:29  Supply Depot, Marine, SCV  
  68  5:30  Marine  
  71  5:37  Medivac  
  71  5:39  Marine  
  69  5:43  Siege Tank, Marine  
  69  5:45  Medivac, Marine  
  76  5:50  Supply Depot, SCV  
  76  5:51  Supply Depot  
  76  5:55  Supply Depot, SCV  
  78  6:00  Marine  
  80  6:04  Marine x2  
  80  6:05  Marine  
  80  6:08  Terran Infantry Weapons Level 1  
  80  6:09  Marine x2  
  84  6:15  Siege Tank  
  84  6:17  Liberator x2  
  84  6:18  Marine  
  86  6:22  Marine x2  
  84  6:26  Marine x2  
  84  6:29  Marine  
  91  6:36  Marine  
  94  6:40  Marine x2  
  94  6:44  Marine x2  
  94  6:45  Supply Depot  
  97  6:47  Siege Tank, Marine  
  97  6:53  Marine  
  102  6:57  Marine  
  102  6:58  Marine  
  103  7:01  Liberator  
  103  7:02  Marine x2  
  103  7:05  Marine  
  106  7:09  Liberator  
  106  7:11  Marine  
  107  7:15  Marine x2  
  107  7:19  Siege Tank, Marine  
  107  7:20  Marine  
  117  7:23  Supply Depot, Marine  
  117  7:29  Marine  
  122  7:33  Marine x2  
  122  7:34  Supply Depot  
  124  7:37  Marine  
  124  7:38  Marine  
  126  7:44  Marine  
  126  7:47  Marine  
  126  7:51  Marine x2  
  126  7:52  Siege Tank  
  126  7:55  Marine x2  
  123  7:59  Liberator x2  
  123  8:02  Marine  
  123  8:05  Marine  
  102  8:09  Marine x2  
  89  8:13  Marine x2  
  89  8:16  Terran Infantry Armor Level 1  
  96  8:20  Marine  
  96  8:22  Marine  
  96  8:26  Marine  
  96  8:27  Marine  
  98  8:31  Siege Tank, Marine x2  
  104  8:38  Marine  
  104  8:40  Marine  
  106  8:42  Liberator x2  
  106  8:44  Marine x2  
  108  8:49  Marine x2  
  110  8:56  Marine  
  110  8:58  Marine  
  110  9:02  Marine x2  
  119  9:06  Marine  
  119  9:07  Marine  
  119  9:08  Siege Tank  
  125  9:13  Marine  
  125  9:16  Marine  
  127  9:20  Marine  
  128  9:25  Liberator x2  
  128  9:30  Marine x2  
  123  9:40  Marine  
  123  9:41  Marine  
  123  9:43  Marine  
  123  9:45  Supply Depot  
  132  9:46  Supply Depot  
  132  9:47  Siege Tank  
  132  9:51  Marine  
  135  9:59  Marine x2  
  137  10:03  Supply Depot  
  137  10:04  Supply Depot  
  132  10:08  Liberator  
  132  10:11  Liberator  
  132  10:13  Marine  
  132  10:14  Marine x2  
  114  10:20  Marine  
  119  10:29  Marine  
  119  10:31  Marine  
  123  10:37  Marine  
  123  10:42  Siege Tank  
  127  10:44  Marine  
  127  10:48  Marine  
  127  10:49  Marine  
  129  10:51  Liberator  
  129  10:54  Liberator, Marine  
  131  10:57  Marine  
  131  11:01  Marine  
  131  11:02  Marine  
  137  11:12  Marine  
  137  11:14  Marine  
  137  11:17  Marine  
  143  11:22  Siege Tank  
  143  11:25  Marine  
  145  11:36  Marine x2  
  145  11:37  Liberator, Marine x2  
  149  11:40  Marine  
  150  11:54  Marine  
  150  12:03  Orbital Command  
  150  12:05  Marine  
  150  12:06  Marine  
  146  12:17  Marine  
  146  12:20  Marine  
  146  12:21  Marine  
  144  12:27  Marine  
  130  12:34  Marine x2  
  133  12:37  Marine  
  133  12:40  Marine x2  
  131  12:54  Marine  
Show
View Real Time Build Order
Export as new Build Order

iAsonu Zerg 

Build Orders: Hatch First 

Get SALT Encoding   

  12  0:01  Drone  
  13  0:12  Overlord  
  13  0:17  Drone  
  14  0:31  Drone x2  
  14  0:35  Drone  
  17  0:52  Hatchery  
  17  0:55  Drone  
  17  0:58  Drone  
  17  1:02  Extractor  
  17  1:13  Spawning Pool  
  17  1:15  Drone  
  17  1:19  Drone  
  18  1:29  Drone  
  19  1:43  Overlord  
  19  1:59  Queen  
  22  2:01  Zergling x2  
  22  2:02  Metabolic Boost, Zergling x2  
  22  2:05  Queen  
  22  2:06  Zergling x2  
  26  2:12  Drone  
  27  2:16  Drone  
  28  2:22  Overlord  
  28  2:31  Drone  
  28  2:35  Drone  
  30  2:39  Queen  
  30  2:40  Drone  
  30  2:43  Queen  
  34  2:46  Drone  
  34  2:49  Drone  
  36  2:55  Overlord  
  36  2:58  Drone  
  37  3:07  Drone  
  37  3:10  Drone x2  
  40  3:15  Drone x5  
  40  3:18  Drone  
  46  3:24  Drone  
  46  3:41  Drone  
  46  3:46  Overlord  
  47  3:48  Drone x2  
  47  3:51  Hatchery  
  47  3:52  Extractor  
  47  3:53  Drone  
  47  3:55  Drone  
  49  3:57  Overlord  
  49  4:04  Zergling x2  
  49  4:05  Zergling x2  
  49  4:06  Drone  
  49  4:07  Drone  
  53  4:11  Drone  
  53  4:12  Queen  
  53  4:13  Extractor  
  55  4:18  Drone x2  
  55  4:19  Overlord  
  55  4:20  Drone  
  58  4:25  Overlord  
  58  4:26  Roach Warren  
  58  4:29  Drone  
  58  4:31  Drone  
  58  4:34  Spore Crawler  
  58  4:36  Overlord  
  58  4:37  Extractor  
  58  4:38  Drone x2  
  58  4:42  Overlord  
  59  4:49  Overlord  
  59  4:52  Lair  
  59  4:57  Evolution Chamber, Overlord  
  59  4:59  Evolution Chamber  
  56  5:07  Roach  
  56  5:08  Roach x5  
  56  5:13  Roach  
  70  5:16  Overlord  
  70  5:19  Roach x2  
  74  5:27  Roach x2  
  74  5:28  Roach  
  80  5:31  Drone x3  
  81  5:40  Roach x3  
  77  5:45  Zergling x6  
  77  5:49  Overlord  
  80  5:53  Drone  
  80  5:56  Zerg Missile Weapons Level 1  
  79  6:02  Glial Reconstitution  
  79  6:03  Zerg Ground Armor Level 1  
  77  6:04  Drone  
  77  6:05  Drone  
  77  6:06  Drone  
  77  6:10  Drone  
  81  6:13  Overlord  
  81  6:15  Roach x2  
  81  6:17  Drone  
  80  6:22  Overlord  
  80  6:23  Roach  
  75  6:26  Drone  
  75  6:28  Ravager x2  
  75  6:29  Roach  
  80  6:33  Roach  
  80  6:34  Roach  
  80  6:38  Roach x2  
  88  6:41  Roach  
  88  6:43  Ravager  
  88  6:44  Ravager x3  
  88  6:45  Roach  
  96  6:51  Roach x3  
  102  7:01  Roach  
  102  7:02  Roach x4  
  102  7:08  Roach x2  
  116  7:11  Overlord  
  116  7:18  Roach x4  
  116  7:22  Overlord  
  124  7:25  Roach  
  124  7:26  Roach x2  
  130  7:31  Roach x2  
  130  7:35  Overseer  
  134  7:38  Overlord  
  134  7:40  Roach  
  134  7:41  Roach x2  
  140  7:45  Roach x3  
  116  8:08  Roach x10  
  116  8:11  Roach  
  119  8:15  Queen  
  119  8:16  Roach  
  119  8:17  Roach  
  125  8:23  Extractor x2  
  123  8:33  Roach  
  123  8:34  Roach x4  
  129  8:40  Drone x4  
  133  8:49  Ravager  
  133  8:50  Ravager x2  
  129  9:12  Ravager  
  130  9:19  Roach  
  130  9:20  Roach x7  
  143  9:26  Roach  
  143  9:27  Roach x5  
  143  9:29  Ravager  
  154  9:37  Roach  
  154  9:38  Roach x3  
  155  10:04  Hatchery  
  141  10:09  Roach x6  
  132  10:14  Ravager  
  132  10:15  Ravager  
  132  10:18  Roach x3  
  140  10:26  Roach  
  142  10:32  Roach x4  
  140  10:40  Roach  
  140  10:41  Roach  
  144  10:53  Ravager x2  
  144  10:55  Overlord  
  140  10:57  Roach x3  
  146  11:10  Overlord  
  146  11:12  Queen x2  
  146  11:14  Overlord x2  
  150  11:31  Ravager  
  150  11:32  Ravager x4  
  151  11:45  Ravager x2  
  151  11:46  Roach x2  
  157  11:48  Queen  
  155  11:58  Roach x5  
  124  12:16  Roach x7  
  124  12:17  Roach  
  132  12:28  Roach x3  
  111  12:51  Roach x4  

Tags
 
Add a new tag
Caveats
  • Supply blocks, unpowered buildings, or Contaminate may cause inaccurate times.
  • Supply counts are checked every 10 seconds.